 Dungeon Crawl Stone Soup version 0.24-a0-537-g2d01d4a (console) character file.

Game seed: 9406278460374133065

118 vegansnacktivist the Chopper (level 4, -6/40 HPs)
             Began as a Deep Dwarf Fighter on Aug 16, 2019.
             Was an Initiate of Makhleb.
             Killed by nerve-wracking pain
             ... invoked by Grinder
              (8 damage)
             ... on level 3 of the Dungeon.
             The game lasted 00:03:08 (1766 turns).

vegansnacktivist the Chopper (Deep Dwarf Fighter)   Turns: 1766, Time: 00:03:09

Health: -6/40      AC:  8    Str: 21    XL:     4   Next: 72%
Magic:  3/3        EV:  7    Int:  8    God:    Makhleb [......]
Gold:   152        SH:  9    Dex: 12    Spells: 3/3 levels left

rFire    + . .     SeeInvis .   a - +0 war axe
rCold    . . .     Gourm    .   c - +0 shield
rNeg     . . .     Faith    .   b - +0 scale mail
rPois    +         Spirit   .   (no helmet)
rElec    .         Reflect  .   t - +0 cloak
rCorr    .         Harm     .   (no gloves)
MR       .....                  (no boots)
Stlth    ..........             (no amulet)
HPRegen  0.00/turn              j - ring of protection from fire
MPRegen  0.08/turn              n - ring of poison resistance

@: non-regenerating
A: damage resistance, heal wounds, sense surroundings 1, no regeneration
a: Heal Wounds, Renounce Religion


You were on level 3 of the Dungeon.
You worshipped Makhleb.
Makhleb was noncommittal.
You were hungry.

You visited 1 branch of the dungeon, and saw 3 of its levels.

You collected 152 gold pieces.

Inventory:

Hand Weapons
 a - a +0 war axe (weapon)
Missiles
 o - 8 curare-tipped darts (quivered)
Armour
 b - a +0 scale mail (worn)
 c - a +0 shield (worn)
 t - a +0 cloak (worn)
Jewellery
 j - a ring of protection from fire (left hand)
 n - a ring of poison resistance (right hand)
Scrolls
 g - a scroll of identify {unknown}
 k - 2 scrolls of teleportation {unknown}
 m - 5 scrolls of remove curse {unknown}
 p - a scroll of immolation {unknown}
 r - a scroll of blinking {unknown}
 s - 2 scrolls of fear {unknown}
Potions
 d - a potion of might
 h - a potion of curing {unknown}
 i - 2 potions of haste {unknown}
 l - a potion of berserk rage {unknown}
 q - a potion of flight {unknown}
 u - a potion of brilliance {unknown}
Comestibles
 f - 5 rations


   Skills:
 - Level 2.6 Fighting
 + Level 5.5 Axes
 - Level 3.2 Armour
 - Level 3.2 Shields


You had 3 spell levels left.
You didn't know any spells.
Your spell library was empty.

Dungeon Overview and Level Annotations

Branches:
Dungeon (3/15)

Altars:
Ashenzari
Dithmenos
Makhleb
Ru

Annotations:
D:3 Grinder


Innate Abilities, Weirdness & Mutations

You are resistant to damage.
You can heal yourself by infusing magical energy.
You passively map a small area around you.
You do not regenerate.


Message History

Grinder hits you but does no damage. The bat hits you but does no damage.
Grinder gestures at you.
You shrug off the repeated paralysis!
The bat hits you but does no damage. Grinder gestures at you.
Pain shoots through your body!
* * * LOW HITPOINT WARNING * * *
The bat hits you but does no damage. Grinder hits you.
* * * LOW HITPOINT WARNING * * *
You writhe in agony.
The bat hits you but does no damage. Grinder hits you!
* * * LOW HITPOINT WARNING * * *
You can move again.
Unknown command.
Unknown command.
You fail to use your ability.
The bat hits you but does no damage. Grinder gestures at you.
Pain shoots through your body!
You die...

#...# #...# #...#
###...# #....<#
#.#...##########
#.#...##.......# #
#.######.......#.#
####'###
#...b.@.#.#
.......#
#....5..'.#
.......#
#.......###
.......# #(......#
.......# #.......#
.......# #.......#
.......# #..)....#
######.# ###.#.###
#)# ####.###


You could see Grinder and a bat.

Vanquished Creatures
  A jelly (D:2)
  Jessica (D:2)
  An adder (D:2)
  A worm (D:2)
  3 dart slugs
  2 leopard geckos (D:1)
  A giant cockroach (D:2)
  5 goblins
  4 hobgoblins
  9 kobolds
  A quokka (D:2)
  4 bats
  5 rats
38 creatures vanquished.

Vanquished Creatures (others)
  A plant (D:1)
1 creature vanquished.

Grand Total: 39 creatures vanquished

Notes
Turn   | Place    | Note
-------+----------+-------------------------------------------
     0 | D:1      | vegansnacktivist the Deep Dwarf Fighter began the quest for
                  | the Orb.
     0 | D:1      | Reached XP level 1. HP: 20/20 MP: 1/1
   124 | D:1      | Reached skill level 3 in Axes
   124 | D:1      | Reached XP level 2. HP: 27/27 MP: 2/2
   851 | D:2      | Found a shattered altar of Ashenzari.
   851 | D:2      | Found a sacrificial altar of Ru.
   851 | D:2      | Noticed Jessica
   856 | D:2      | Killed Jessica
   856 | D:2      | Reached skill level 4 in Axes
   856 | D:2      | Reached XP level 3. HP: 6/33 MP: 3/3
   862 | D:2      | Found a burning altar of Makhleb.
   874 | D:2      | Became a worshipper of Makhleb the Destroyer
  1050 | D:2      | Reached XP level 4. HP: 25/40 MP: 3/3
  1110 | D:2      | Found a shadowy altar of Dithmenos.
  1281 | D:2      | Reached skill level 5 in Axes
  1741 | D:3      | Noticed Grinder
  1749 | D:3      | Paralysed by Grinder for 7 turns
  1760 | D:3      | Paralysed by Grinder for 6 turns
  1765 | D:3      | HP: 2/40 [Grinder (5)]
  1766 | D:3      | Killed from afar by Grinder

Levels and vault maps discovered:
D:1:      minmay_arrival_loop, layout_loops_ring, skrybe_limestone_x,
          lexackson_kobold_supper
D:2:      layout_basic, lemuel_round_altar, grunt_temple_overflow_open,
          minmay_door_square, kennysheep_generic_room_12, uniq_jessica
D:3:      layout_basic, first_ration, uniq_ijyb, uniq_terence, uniq_natasha,
          uniq_grinder

Skill      XL: |  1  2  3  4 |
---------------+-------------+-----
Axes           | 3 4 5 |  5.5
Fighting       | |  2.6
Armour         | |  3.2
Shields        | |  3.2

Action                   |  1- 3 |  4- 6 || total
-------------------------+-------+-------++-------
Melee: War axe           |    89 |    25 ||   114
Throw: Throwing net      |       |     1 ||     1
 Abil: Heal Wounds       |     1 |       ||     1
  Eat: Chunk             |       |     2 ||     2
Armor: Scale mail        |    45 |    23 ||    68
Dodge: Dodged            |    28 |     9 ||    37
Block: Shield            |    53 |    19 ||    72

Table legend:
 A = Non-vault XP
 B = Vault XP
 C = Vault XP percentage of total XP
 D = Non-vault monster count
 E = Vault monster count
 F = Vault count percentage of total count
                 A         B        C        D         E       F
            +---------+---------+-------+---------+---------+-------
      Total |     117 |      52 |  30.8 |      28 |      10 |  26.3
            +---------+---------+-------+---------+---------+-------
        D:1 |      27 |      13 |  32.5 |      14 |       8 |  36.4
        D:2 |      82 |      39 |  32.2 |      11 |       2 |  15.4
        D:3 |       8 |       0 |   0.0 |       3 |       0 |   0.0
            +---------+---------+-------+---------+---------+-------
